 Dungeon Crawl Stone Soup version 0.21.0 (webtiles) character file.

1632 loralnil the Insei (level 8, -6/40 HPs)
             Began as a Vine Stalker Transmuter on Jan 7, 2018.
             Was a Follower of Dithmenos.
             Mangled by Joseph
             ... wielding a +0 quarterstaff
              (16 damage)
             ... on level 7 of the Dungeon.
             The game lasted 00:14:23 (4661 turns).

loralnil the Insei (Vine Stalker Transmuter)        Turns: 4661, Time: 00:14:24

Health: -6/40      AC:  2    Str: 12    XL:     8   Next: 98%
Magic:  0/15       EV: 22    Int: 13    God:    Dithmenos [*.....]
Gold:   181        SH:  0    Dex: 23    Spells: 12/16 levels left

rFire    . . .     SeeInvis .     - Unarmed
rCold    . . .     Gourm    .   (shield currently unavailable)
rNeg     . . .     Faith    .   (armour currently unavailable)
rPois    x         Spirit   +   (helmet currently unavailable)
rElec    .         Reflect  .   (cloak currently unavailable)
rCorr    .         Harm     .   (gloves currently unavailable)
MR       +....                  (boots currently unavailable)
Stlth    ++++......             (no amulet)
HPRegen  0.53/turn              (no ring)
MPRegen  0.14/turn              (no ring)

@: spider-form, very slightly contaminated, wreathed by umbra
A: tiny, thin skeletal structure 1, regeneration 1, robust 1, weak 1, magic
shield, no potion heal 3, rot immunity
a: End Transformation, Renounce Religion


You were on level 7 of the Dungeon.
You worshipped Dithmenos.
Dithmenos was aware of your devotion.
You were not hungry.
You were a venomous arachnid creature.
You visited 1 branch of the dungeon, and saw 7 of its levels.

You collected 302 gold pieces.
You spent 121 gold pieces at shops.

Inventory:

Missiles
 a - 86 arrows
Armour
 b - a +1 leather armour of poison resistance (melded)
Jewellery
 q - an uncursed ring of resist corrosion {unknown}
Wands
 i - a wand of flame (34)
Scrolls
 f - 3 scrolls of magic mapping
 g - 2 scrolls of teleportation {unknown}
 h - 4 scrolls of remove curse
 j - 2 scrolls of immolation
 k - 2 scrolls of enchant armour {unknown}
 n - a scroll of silence {unknown}
Potions
 e - 2 potions of lignification
 l - 3 potions of curing
 o - 2 potions of berserk rage
Books
 c - a book of Changes

   Spells                             Type                      Level
   a - Beastly Appendage              Transmutation                1
   b - Sticks to Snakes               Transmutation                2
   c - Spider Form                    Transmutation/Poison         3
   d - Ice Form                       Ice/Transmutation            4
   e - Blade Hands                    Transmutation                5
Comestibles
 d - 10 rations
 m - a chunk of flesh


   Skills:
 + Level 1.3 Fighting
 * Level 3.9 Armour
 + Level 3.1 Dodging
 + Level 4.9 Stealth
 + Level 6.4 Unarmed Combat
 + Level 4.5 Spellcasting
 + Level 4.1 Transmutations
 + Level 1.7 Poison Magic


You had 12 spell levels left.
You knew the following spells:

 Your Spells              Type           Power        Failure   Level  Hunger
a - Beastly Appendage     Tmut           ##....       12%         1    None
b - Spider Form           Tmut/Pois      ##........   36%         3    ###....


Dungeon Overview and Level Annotations

Branches:
Dungeon (7/15)             Temple (0/1) D:5

Altars:
Cheibriados
Dithmenos
Gozag
Qazlal
Sif Muna

Shops:
D:5 [   D:6 %

Annotations:
D:7 Joseph


Innate Abilities, Weirdness & Mutations

((You have razor-sharp teeth.))
Your natural rate of healing is unusually fast.
When hurt, damage is shared between your health and your magic reserves.
((Your bite disrupts and absorbs the magic of your enemies.))
Potions cannot restore your health.
You are immune to rotting.
((You have a pair of small horns on your head.))
You have a somewhat thin skeletal structure. (Dex +2, Stealth)
You are robust. (+10% HP)
You are weak. (Str -2)


Message History

You closely miss Joseph. You hit Joseph.
Joseph is poisoned.
Joseph is lightly wounded.
Joseph hits you with an uncursed quarterstaff!
You hit Joseph.
Joseph looks as sick as possible!
Joseph is lightly wounded.
Joseph hits you with an uncursed quarterstaff!
You hit Joseph but do no damage.
Joseph looks as sick as possible!
Joseph is lightly wounded.
Joseph completely misses you.
You hit Joseph but do no damage.
Joseph is lightly wounded.
You bite Joseph!
Joseph looks as sick as possible!
Joseph is moderately wounded.
Joseph hits you with an uncursed quarterstaff!
* * * LOW HITPOINT WARNING * * *
You hit Joseph.
Joseph is moderately wounded.
Joseph hits you with an uncursed quarterstaff!!
You die...

.. .. .# .#
.######
#.######......
#...<(s.#!.###
#######@.....#
#.....#.#
#..###...#
#..# .... #.#
##. .. .. ###


You could see Joseph.

Vanquished Creatures
  2 ice beasts
  2 sky beasts (D:5)
  A black bear (D:6)
  4 ogres
  A centaur (D:6)
  A crimson imp (D:5)
  A jelly (D:6)
  3 orc priests
  A bullfrog skeleton (D:5)
  3 orc wizards
  Natasha (thrice) (D:3)
  An iguana (D:5)
  4 worker ants
  3 worker ant zombies
  A howler monkey skeleton (D:5)
  8 adders
  4 gnolls
  An adder zombie (D:5)
  An adder skeleton (D:5)
  2 worms (D:2)
  2 dart slugs
  4 leopard geckos
  16 orcs
  7 giant cockroaches
  4 goblins
  4 hobgoblins
  5 jackals
  7 kobolds
  5 quokkas
  3 ball pythons
  6 bats
  7 frilled lizards
  A giant cockroach zombie (D:6)
  A leopard gecko skeleton (D:4)
  A leopard gecko zombie (D:5)
  10 rats
130 creatures vanquished.

Vanquished Creatures (others)
  An orc wizard (D:7)
1 creature vanquished.

Grand Total: 131 creatures vanquished

Notes
Turn   | Place    | Note
-------+----------+-------------------------------------------
     0 | D:1      | loralnil the Vine Stalker Transmuter began the quest for the Orb.
     0 | D:1      | Reached XP level 1. HP: 9/9 MP: 4/4
   349 | D:1      | Reached XP level 2. HP: 13/14 MP: 4/6
   623 | D:1      | You fall through a shaft!
   674 | D:2      | Reached XP level 3. HP: 13/17 MP: 7/7
   784 | D:2      | Found an opulent altar of Gozag.
  1028 | D:1      | Gained mutation: You expend magic power (3 MP) to strengthen your wands. [potion of mutation]
  1028 | D:1      | Gained mutation: Your mind is acute. (Int +2) [potion of mutation]
  1028 | D:1      | Gained mutation: Your mind is very acute. (Int +4) [potion of mutation]
  1028 | D:1      | Gained mutation: You are partially covered in slimy green scales. (AC +2) [potion of mutation]
  1029 | D:1      | Lost mutation: You expend magic power (3 MP) to strengthen your wands. [potion of mutation]
  1029 | D:1      | Lost mutation: You are partially covered in slimy green scales. (AC +2) [potion of mutation]
  1029 | D:1      | Lost mutation: Your mind is very acute. (Int +4) [potion of mutation]
  1029 | D:1      | Lost mutation: Your mind is acute. (Int +2) [potion of mutation]
  1029 | D:1      | Gained mutation: You are robust. (+10% HP) [potion of mutation]
  1029 | D:1      | Gained mutation: Your flesh is cold resistant. (rC+) [potion of mutation]
  1029 | D:1      | Gained mutation: You have a pair of small horns on your head. [potion of mutation]
  1221 | D:2      | Reached skill level 1 in Fighting
  1276 | D:2      | Gained mutation: Your natural rate of healing is unusually fast. [Vine Stalker growth]
  1276 | D:2      | Reached XP level 4. HP: 19/24 MP: 6/8
  1313 | D:2      | Lost mutation: You are robust. (+10% HP) [potion of mutation]
  1313 | D:2      | Lost mutation: Your flesh is cold resistant. (rC+) [potion of mutation]
  1313 | D:2      | Gained mutation: You have a somewhat thin skeletal structure. (Dex +2, Stealth) [potion of mutation]
  1313 | D:2      | Gained mutation: You are weak. (Str -2) [potion of mutation]
  1313 | D:2      | Gained mutation: You are robust. (+10% HP) [potion of mutation]
  1571 | D:3      | Found a deep blue altar of Sif Muna.
  1744 | D:4      | Reached skill level 4 in Unarmed Combat
  1782 | D:4      | Noticed an ogre
  1789 | D:4      | Found a snail-covered altar of Cheibriados.
  1803 | D:4      | Learned a level 3 spell: Spider Form
  1839 | D:4      | Reached skill level 1 in Armour
  1839 | D:4      | Reached XP level 5. HP: 25/27 MP: 4/10
  1965 | D:4      | Killed an ogre
  1965 | D:4      | Reached skill level 1 in Stealth
  1977 | D:3      | Noticed Natasha
  1985 | D:3      | Killed Natasha
  1985 | D:3      | Reached XP level 6. HP: 22/33 MP: 11/11
  1994 | D:3      | Noticed Natasha
  2004 | D:3      | Killed Natasha
  2274 | D:3      | Noticed Natasha
  2284 | D:3      | Killed Natasha
  2843 | D:4      | Reached skill level 5 in Unarmed Combat
  2843 | D:4      | Reached XP level 7. HP: 36/36 MP: 13/13
  3015 | D:5      | Entered Level 5 of the Dungeon
  3031 | D:5      | Found a shadowy altar of Dithmenos.
  3062 | D:5      | Became a worshipper of Dithmenos the Shadowed
  3217 | D:5      | Gained mutation: You have razor-sharp teeth. [Vine Stalker growth]
  3217 | D:5      | Reached XP level 8. HP: 6/40 MP: 0/14
  3543 | D:5      | Reached skill level 1 in Poison Magic
  3609 | D:5      | Found Rusaeck's Armour Shoppe.
  3612 | D:5      | Bought a +1 leather armour of poison resistance for 121 gold pieces
  3834 | D:5      | Found a staircase to the Ecumenical Temple.
  4094 | D:6      | Reached skill level 6 in Unarmed Combat
  4297 | D:6      | Found Lagysk's Food Shoppe.
  4476 | D:6      | Found a stormy altar of Qazlal.
  4486 | D:6      | Reached * piety under Dithmenos
  4587 | D:7      | Noticed Joseph
  4661 | D:7      | Mangled by Joseph

Skill      XL: |  1  2  3  4  5  6  7  8 |
---------------+-------------------------+-----
Dodging        | 2 3 |  3.1
Fighting       | 1 |  1.3
Unarmed Combat | 4 5 6 |  6.4
Armour         | 1 2 3 |  3.9
Stealth        | 2 4 |  4.9
Spellcasting   | 3 4 |  4.5
Transmutations | 3 4 |  4.1
Poison Magic   | 1 |  1.7

Action                   |  1- 3 |  4- 6 |  7- 9 || total
-------------------------+-------+-------+-------++-------
Melee: Unarmed           |    88 |   151 |   169 ||   408
       Bite              |    16 |    28 |    29 ||    73
       Headbutt          |     5 |    21 |    17 ||    43
       Kick              |    11 |    27 |    20 ||    58
       Punch             |     1 |       |     3 ||     4
 Cast: Beastly Appendage |    19 |    21 |    15 ||    55
       Spider Form       |       |     5 |    13 ||    18
  Use: Scroll            |     3 |     2 |     3 ||     8
       Potion            |     2 |     1 |       ||     3
 Stab: Sleeping          |       |    11 |    12 ||    23
       Distracted        |       |       |     1 ||     1
  Eat: Chunk             |     1 |     6 |     8 ||    15
Armor: Robe              |    25 |     8 |     4 ||    37
       Leather armour    |       |       |    11 ||    11
       Skin              |       |       |     1 ||     1
Dodge: Dodged            |    49 |    87 |    97 ||   233
